[ AOE2 MATCH · #504733046 ]
UnrankedMagyars vs Georgians
Player's team · LOSS
Rival team · WIN
[ REPLAY ANALYSIS · EXTRACTED FROM THE RECORDED GAME ]
Feudal
8:29
Castle
23:47
Imperial
—
| APM avg | 71.6 |
| APM peak | 120 |
| eAPM avg | 32.7 |
| Villagers / military | 91 / 58 |
Focus
⚔️ 49.0% · 🌾 51.0%
Skirmisher ×24 · Cavalry Archer ×19 · Scout Cavalry ×13 · Knight ×1 · Spearman ×1
Feudal
9:17
Castle
21:57
Imperial
—
| APM avg | 71.7 |
| APM peak | 103 |
| eAPM avg | 31.8 |
| Villagers / military | 127 / 58 |
Focus
⚔️ 41.2% · 🌾 58.8%
Knight ×25 · Archer ×19 · Spearman ×5 · Militia ×4 · Monaspa ×3 · Monk ×2
Match map
Initial resources + every placement click. Lines = walls · curves = elevation contours. ◆ gold · ⬟ stone · ● berries · ✦ relic · ◌ wall gap
Your base· ✓ Closed at 23:47 · 59t walls · no gate
Oni.Lewis's base· Open — 6t gap
Smoothed initial terrain · ◌ = detected wall gap · hover for details
Inputs per minute
— bruh - - Oni.Lewis
Build order — bruh
First 150 of 259 actions detected
| 0:00 | Queue | Villager (Male) |
| 0:00 | Queue | Villager (Male) |
| 0:01 | Queue | Villager (Male) |
| 0:02 | Build | House |
| 0:02 | Build | House |
| 0:19 | Queue | Villager (Male) |
| 0:19 | Queue | Villager (Male) |
| 1:29 | Queue | Villager (Male) |
| 1:56 | Queue | Villager (Male) |
| 2:18 | Queue | Villager (Male) |
| 2:41 | Build | Lumber Camp |
| 2:49 | Queue | Villager (Male) |
| 2:49 | Queue | Villager (Male) |
| 3:12 | Queue | Villager (Male) |
| 3:40 | Queue | Villager (Male) |
| 3:48 | Queue | Villager (Male) |
| 4:03 | Build | House |
| 4:21 | Queue | Villager (Male) |
| 4:42 | Queue | Villager (Male) |
| 5:13 | Build | Mill |
| 5:19 | Queue | Villager (Male) |
| 5:31 | Research | Loom |
| 6:19 | Research | Feudal Age |
| 6:19 | Research | Feudal Age |
| 7:11 | Build | House |
| 7:42 | Queue | Villager (Male) |
| 7:51 | Build | Barracks |
| 8:04 | Queue | Villager (Male) |
| 8:29 | Age | Feudal Age |
| 8:38 | Build | Stable |
| 8:54 | Build | Palisade Wall |
| 8:55 | Build | Palisade Wall |
| 8:55 | Build | Palisade Wall |
| 8:57 | Build | Palisade Wall |
| 9:00 | Build | Palisade Wall |
| 9:00 | Build | Palisade Wall |
| 9:06 | Queue | Spearman |
| 9:07 | Queue | Villager (Male) |
| 9:18 | Queue | Scout Cavalry |
| 9:18 | Queue | Scout Cavalry |
| 9:29 | Queue | Villager (Male) |
| 9:49 | Build | House |
| 10:05 | Queue | Villager (Male) |
| 10:06 | Queue | Scout Cavalry |
| 10:10 | Build | House |
| 10:31 | Queue | Villager (Male) |
| 10:32 | Research | Double-Bit Axe |
| 10:32 | Research | Double-Bit Axe |
| 10:53 | Queue | Scout Cavalry |
| 11:06 | Queue | Villager (Male) |
| 11:39 | Queue | Villager (Male) |
| 11:45 | Build | Farm |
| 11:47 | Build | Farm |
| 11:49 | Queue | Villager (Male) |
| 11:52 | Build | Farm |
| 11:54 | Build | Farm |
| 12:02 | Build | House |
| 12:03 | Build | House |
| 12:08 | Build | Farm |
| 12:10 | Build | Farm |
| 12:12 | Queue | Scout Cavalry |
| 12:19 | Queue | Villager (Male) |
| 12:27 | Build | House |
| 12:29 | Build | Palisade Wall |
| 12:30 | Build | Palisade Wall |
| 12:32 | Queue | Villager (Male) |
| 12:37 | Build | Palisade Wall |
| 12:43 | Queue | Scout Cavalry |
| 12:43 | Queue | Scout Cavalry |
| 12:48 | Build | Farm |
| 12:49 | Build | Farm |
| 12:53 | Build | Farm |
| 13:08 | Queue | Villager (Male) |
| 13:20 | Queue | Scout Cavalry |
| 13:38 | Queue | Villager (Male) |
| 13:40 | Build | Farm |
| 13:44 | Build | Farm |
| 13:46 | Build | Farm |
| 13:50 | Build | Farm |
| 14:04 | Queue | Scout Cavalry |
| 14:11 | Queue | Villager (Male) |
| 14:47 | Queue | Scout Cavalry |
| 14:48 | Queue | Villager (Male) |
| 14:51 | Build | Mining Camp |
| 14:55 | Build | Farm |
| 14:57 | Research | Horse Collar |
| 14:57 | Research | Horse Collar |
| 15:04 | Build | House |
| 15:15 | Queue | Villager (Male) |
| 15:25 | Queue | Villager (Male) |
| 15:36 | Build | Archery Range |
| 15:41 | Queue | Scout Cavalry |
| 15:48 | Build | Palisade Wall |
| 15:49 | Queue | Villager (Male) |
| 15:54 | Build | Palisade Wall |
| 15:54 | Build | Palisade Wall |
| 15:57 | Queue | Scout Cavalry |
| 16:14 | Build | Palisade Wall |
| 16:21 | Queue | Skirmisher |
| 16:24 | Build | House |
| 16:37 | Queue | Skirmisher |
| 16:43 | Queue | Villager (Male) |
| 16:54 | Build | Palisade Wall |
| 17:04 | Build | Farm |
| 17:05 | Build | Farm |
| 17:09 | Queue | Villager (Male) |
| 17:16 | Queue | Skirmisher |
| 17:26 | Queue | Villager (Male) |
| 17:32 | Queue | Skirmisher |
| 17:48 | Queue | Villager (Male) |
| 17:55 | Queue | Skirmisher |
| 18:11 | Queue | Villager (Male) |
| 18:18 | Queue | Skirmisher |
| 18:23 | Build | Blacksmith |
| 18:32 | Queue | Villager (Male) |
| 18:35 | Queue | Skirmisher |
| 18:41 | Queue | Scout Cavalry |
| 18:59 | Queue | Villager (Male) |
| 19:11 | Queue | Skirmisher |
| 19:15 | Research | Fletching |
| 19:16 | Research | Fletching |
| 19:21 | Build | Farm |
| 19:22 | Build | Farm |
| 19:39 | Build | Farm |
| 19:41 | Queue | Villager (Male) |
| 19:45 | Build | Palisade Wall |
| 19:46 | Build | Palisade Wall |
| 19:47 | Build | Palisade Wall |
| 19:47 | Build | Palisade Wall |
| 19:53 | Build | House |
| 19:54 | Build | House |
| 20:01 | Queue | Villager (Male) |
| 20:10 | Build | Lumber Camp |
| 20:17 | Build | Lumber Camp |
| 20:25 | Build | Farm |
| 20:27 | Build | Farm |
| 20:37 | Queue | Villager (Male) |
| 21:07 | Research | Castle Age |
| 21:09 | Build | House |
| 21:11 | Build | Palisade Wall |
| 21:15 | Queue | Skirmisher |
| 21:27 | Build | Farm |
| 21:34 | Research | Padded Archer Armor |
| 21:34 | Research | Padded Archer Armor |
| 22:01 | Queue | Skirmisher |
| 22:24 | Build | Archery Range |
| 22:25 | Build | Palisade Wall |
| 23:00 | Queue | Skirmisher |
| 23:00 | Queue | Skirmisher |
| 23:03 | Build | Farm |
Build order — Oni.Lewis
First 150 of 320 actions detected
| 0:00 | Queue | Villager (Male) |
| 0:00 | Queue | Villager (Male) |
| 0:02 | Build | House |
| 0:03 | Build | House |
| 0:18 | Queue | Villager (Male) |
| 0:38 | Queue | Villager (Male) |
| 1:17 | Queue | Villager (Male) |
| 1:17 | Queue | Villager (Male) |
| 1:58 | Queue | Villager (Male) |
| 2:24 | Queue | Villager (Male) |
| 2:57 | Queue | Villager (Male) |
| 2:59 | Queue | Villager (Male) |
| 3:23 | Queue | Villager (Male) |
| 3:35 | Build | Mule Cart |
| 3:48 | Queue | Villager (Male) |
| 4:06 | Queue | Villager (Male) |
| 4:08 | Queue | Villager (Male) |
| 4:15 | Build | House |
| 4:55 | Queue | Villager (Male) |
| 5:03 | Queue | Villager (Male) |
| 5:52 | Research | Loom |
| 6:08 | Build | Barracks |
| 6:37 | Queue | Villager (Male) |
| 6:52 | Build | House |
| 7:03 | Research | Feudal Age |
| 7:21 | Build | House |
| 7:24 | Queue | Militia |
| 7:36 | Build | Palisade Wall |
| 7:46 | Queue | Militia |
| 8:02 | Queue | Militia |
| 8:06 | Queue | Villager (Male) |
| 8:21 | Queue | Villager (Male) |
| 8:34 | Build | Mill |
| 8:41 | Queue | Villager (Male) |
| 9:09 | Queue | Militia |
| 9:17 | Age | Feudal Age |
| 9:21 | Research | Man-at-Arms (upgrade) |
| 9:26 | Build | Archery Range |
| 9:29 | Queue | Villager (Male) |
| 9:45 | Queue | Spearman |
| 9:49 | Build | Farm |
| 10:07 | Queue | Villager (Male) |
| 10:13 | Build | House |
| 10:32 | Queue | Archer |
| 10:38 | Queue | Villager (Male) |
| 10:40 | Build | House |
| 10:41 | Build | House |
| 10:52 | Queue | Archer |
| 10:55 | Build | Farm |
| 11:07 | Queue | Villager (Male) |
| 11:16 | Queue | Archer |
| 11:31 | Queue | Archer |
| 11:32 | Queue | Villager (Male) |
| 11:41 | Build | Farm |
| 11:42 | Build | Farm |
| 11:45 | Build | Palisade Wall |
| 11:48 | Queue | Villager (Male) |
| 11:48 | Queue | Villager (Male) |
| 12:01 | Build | Farm |
| 12:05 | Build | Farm |
| 12:10 | Queue | Spearman |
| 12:23 | Queue | Villager (Male) |
| 12:23 | Queue | Archer |
| 12:31 | Build | House |
| 12:34 | Build | Palisade Wall |
| 12:41 | Queue | Archer |
| 12:51 | Queue | Villager (Male) |
| 12:55 | Queue | Villager (Male) |
| 13:21 | Queue | Villager (Male) |
| 13:23 | Build | Farm |
| 13:28 | Queue | Spearman |
| 13:32 | Queue | Villager (Male) |
| 13:39 | Queue | Villager (Male) |
| 13:40 | Build | Farm |
| 13:44 | Queue | Archer |
| 13:44 | Queue | Archer |
| 13:54 | Queue | Villager (Male) |
| 13:57 | Build | Palisade Wall |
| 14:00 | Queue | Villager (Male) |
| 14:14 | Build | Farm |
| 14:19 | Queue | Villager (Male) |
| 14:20 | Research | Double-Bit Axe |
| 14:37 | Queue | Villager (Male) |
| 14:38 | Queue | Spearman |
| 14:42 | Queue | Archer |
| 14:51 | Queue | Villager (Male) |
| 14:53 | Build | Farm |
| 14:56 | Queue | Archer |
| 15:00 | Build | Palisade Wall |
| 15:01 | Build | Palisade Wall |
| 15:01 | Build | Palisade Wall |
| 15:01 | Build | Palisade Wall |
| 15:01 | Build | Palisade Wall |
| 15:02 | Build | Palisade Wall |
| 15:08 | Queue | Villager (Male) |
| 15:10 | Build | Palisade Wall |
| 15:16 | Build | Palisade Wall |
| 15:21 | Queue | Villager (Male) |
| 15:37 | Build | Blacksmith |
| 15:40 | Queue | Villager (Male) |
| 15:49 | Queue | Archer |
| 16:00 | Build | Farm |
| 16:04 | Queue | Archer |
| 16:07 | Queue | Villager (Male) |
| 16:20 | Build | Mule Cart |
| 16:21 | Queue | Villager (Male) |
| 16:23 | Research | Fletching |
| 16:27 | Queue | Villager (Male) |
| 16:30 | Queue | Villager (Male) |
| 16:31 | Build | House |
| 16:31 | Build | House |
| 16:34 | Queue | Archer |
| 16:43 | Queue | Villager (Male) |
| 16:45 | Queue | Villager (Male) |
| 16:47 | Build | Farm |
| 16:58 | Queue | Villager (Male) |
| 16:59 | Queue | Archer |
| 17:13 | Build | Farm |
| 17:14 | Build | Farm |
| 17:16 | Queue | Villager (Male) |
| 17:21 | Queue | Villager (Male) |
| 17:31 | Queue | Villager (Male) |
| 17:41 | Queue | Villager (Male) |
| 17:43 | Queue | Villager (Male) |
| 17:44 | Build | Farm |
| 17:46 | Queue | Archer |
| 17:49 | Queue | Spearman |
| 17:58 | Queue | Villager (Male) |
| 18:02 | Build | Farm |
| 18:09 | Queue | Villager (Male) |
| 18:18 | Build | Farm |
| 18:18 | Build | Farm |
| 18:20 | Build | Farm |
| 18:22 | Queue | Villager (Male) |
| 18:32 | Queue | Villager (Male) |
| 18:40 | Queue | Villager (Male) |
| 19:08 | Queue | Villager (Male) |
| 19:12 | Build | Farm |
| 19:17 | Research | Castle Age |
| 19:17 | Research | Castle Age |
| 19:33 | Queue | Archer |
| 19:37 | Build | Farm |
| 19:46 | Build | Stable |
| 19:48 | Build | Stable |
| 19:52 | Build | Farm |
| 20:04 | Build | Watch Tower |
| 20:06 | Queue | Archer |
| 20:21 | Build | Farm |
| 20:24 | Queue | Archer |
| 20:53 | Research | Horse Collar |
Match timeline
| 6:08 | Oni.Lewis · first_building Barracks |
| 7:36 | Oni.Lewis · wall_segment Palisade Wall x1 |
| 7:51 | bruh · first_building Barracks |
| 8:29 | bruh · age_up feudal |
| 8:38 | bruh · first_building Stable |
| 8:54 | bruh · wall_segment Palisade Wall x1 |
| 8:55 | bruh · wall_segment Palisade Wall x1 |
| 8:55 | bruh · wall_segment Palisade Wall x1 |
| 8:57 | bruh · wall_segment Palisade Wall x1 |
| 9:00 | bruh · wall_segment Palisade Wall x1 |
| 9:00 | bruh · wall_segment Palisade Wall x1 |
| 9:17 | Oni.Lewis · age_up feudal |
| 9:26 | Oni.Lewis · first_building Archery Range |
| 11:45 | Oni.Lewis · wall_segment Palisade Wall x1 |
| 12:29 | bruh · wall_segment Palisade Wall x5 |
| 12:30 | bruh · wall_segment Palisade Wall x3 |
| 12:34 | Oni.Lewis · wall_segment Palisade Wall x11 |
| 12:37 | bruh · wall_segment Palisade Wall x4 |
| 13:57 | Oni.Lewis · wall_segment Palisade Wall x7 |
| 15:00 | Oni.Lewis · wall_segment Palisade Wall x1 |
| 15:01 | Oni.Lewis · wall_segment Palisade Wall x1 |
| 15:01 | Oni.Lewis · wall_segment Palisade Wall x1 |
| 15:01 | Oni.Lewis · wall_segment Palisade Wall x1 |
| 15:01 | Oni.Lewis · wall_segment Palisade Wall x2 |
| 15:02 | Oni.Lewis · wall_segment Palisade Wall x2 |
| 15:10 | Oni.Lewis · wall_segment Palisade Wall x1 |
| 15:16 | Oni.Lewis · wall_segment Palisade Wall x1 |
| 15:36 | bruh · first_building Archery Range |
| 15:48 | bruh · wall_segment Palisade Wall x1 |
| 15:54 | bruh · wall_segment Palisade Wall x5 |
| 15:54 | bruh · wall_segment Palisade Wall x1 |
| 16:14 | bruh · wall_segment Palisade Wall x9 |
| 16:54 | bruh · wall_segment Palisade Wall x4 |
| 19:45 | bruh · wall_segment Palisade Wall x6 |
| 19:46 | bruh · wall_segment Palisade Wall x2 |
| 19:46 | Oni.Lewis · first_building Stable |
| 19:47 | bruh · wall_segment Palisade Wall x1 |
| 19:47 | bruh · wall_segment Palisade Wall x1 |
| 21:11 | bruh · wall_segment Palisade Wall x14 |
| 21:57 | Oni.Lewis · age_up castle |
| 22:13 | Oni.Lewis · first_building Monastery |
| 22:25 | bruh · wall_segment Palisade Wall x1 |
| 23:47 | bruh · age_up castle |
| 28:11 | bruh · first_market_sell 100 wood |
| 31:16 | Oni.Lewis · first_market_buy 100 stone |
| 31:31 | Oni.Lewis · first_building Castle |
| 33:08 | bruh · wall_segment Palisade Wall x1 |
| 33:09 | bruh · wall_segment Palisade Wall x1 |
| 33:27 | Oni.Lewis · first_market_sell 500 food |
| 33:30 | bruh · first_building Castle |
| 33:59 | bruh · resign |
[ AI ANALYSIS · 1 CREDIT ]
What really happened in this match?
Wolo.gg analyzes every decision: build order, eco, micro, common mistakes by bracket. Personalized analysis on WhatsApp or Discord in 30 seconds.
Civ guide
Magyars
Perfil
Jugador #2135484